 Dungeon Crawl Stone Soup version 0.30-a0-394-g3e4acdb0ae (webtiles) character file.

Game seed: 6044620037088056381

4010 ytrimaz the Protected (level 10, -4/67 HPs)
             Began as a Djinni Gladiator on Dec 6, 2022.
             Was a Priest of Ashenzari.
             Killed from afar by an acid dragon (10 damage)
             ... with a splash of acid
             ... on level 9 of the Dungeon.
             The game lasted 00:13:05 (10669 turns).

ytrimaz the Protected (Djinni Gladiator)           Turns: 10669, Time: 00:13:06

Health: -4/67      AC: 12    Str: 13    XL:     10   Next: 47%
Gold:   592        EV:  6    Int: 14    God:    Ashenzari [***...] SH:  0 Dex: 15

rFire   + . .      SeeInvis +    a - +1 war axe (freeze)
rCold   . . .      Faith    .    (no shield)
rNeg    . . .      Spirit   .    h - +0 plate armour of Toth-Mos's Legacy {Fort, Self} (curse)
rPois   ∞          Reflect  .    c - +0 helmet "Adversity of Ashenzari" {Self, Melee} (curse)
rElec   .          Harm     .    g - +0 cloak of the Mantic Regret {Cun, Fort} (curse)
rCorr   .          Rampage  .    f - +0 pair of gloves of the Ruined Scepticism {Evo, Cun} (curse)
Will    +....      Clarity  +    (boots unavailable)
Stlth   ..........               (no amulet)
HPRegen 0.31/turn                b - ring of ice
MPRegen 0.00/turn                p - ring of wizardry

@: corroded, flying, hasted, very quick
A: sickness immunity, fire resistance 2, cold vulnerability 1, float, innate
caster, HP casting, extra vitality 1
a: Renounce Religion, Shatter the Chains


You were on level 9 of the Dungeon.
You worshipped Ashenzari.
Ashenzari was most pleased with you.
You visited 2 branches of the dungeon, and saw 10 of its levels.

You collected 592 gold pieces.


Innate Abilities, Weirdness & Mutations

You are immune to sickness and miasma.
You are immune to poison.
Your flesh is very heat resistant. (rF++)
You are vulnerable to cold. (rC-)
You float through the air rather than walking.
You learn spells naturally, not from books.
Your magical power is your life essence.
You have superior vitality. (+4 MHP)


   Skills:
 - Level 2.0(3.8) Fighting
 + Level 9.0(10.6) Axes
 - Level 1.5 Throwing
 + Level 10.2(12.6) Armour
 - Level 3.2(5.4) Dodging


You couldn't memorise any spells.
You knew the following spells:

 Your Spells              Type           Power      Damage    Failure   Level
a - Sting                 Tmut/Pois      4%         1d3       98%         1
b - Momentum Strike       Conj/Tloc      2%         3d8       99%         2
c - Vampiric Draining     Necr           1%         2d6       100%        3
d - Stone Arrow           Conj/Erth      2%         3d7       100%        3
Your spell library was empty.

Inventory:

Hand Weapons
 a - a +1 war axe of freezing (weapon)
Missiles
 d - 3 throwing nets (quivered)
 e - a javelin
Armour
 c - the cursed +0 helmet "Adversity of Ashenzari" (worn) {Self, Melee}

   It has a curse which improves the following skills: Introspection: Fighting
   and Spellcasting.
   Melee Combat: Short Blades, Long Blades, Axes, Maces & Flails, Polearms,
   Staves and Unarmed Combat.
 f - the cursed +0 pair of gloves of the Ruined Scepticism (worn) {Evo, Cun}
   (You found it on level 1 of the Dungeon)

   It has a curse which improves the following skills: Evocations: Evocations.
   Cunning:   Dodging and Stealth.
 g - the cursed +0 cloak of the Mantic Regret (worn) {Cun, Fort}
   (You found it on level 3 of the Dungeon)

   It has a curse which improves the following skills: Cunning: Dodging and
   Stealth.
   Fortitude: Armour and Shields.
 h - the cursed +0 plate armour of Toth-Mos's Legacy (worn) {Fort, Self}
   (You found it on level 1 of the Dungeon)

   It has a curse which improves the following skills: Fortitude: Armour and
   Shields.
   Introspection: Fighting and Spellcasting.
 t - a +0 buckler
   (You took it off a gnoll sergeant on level 7 of the Dungeon)
Jewellery
 b - a ring of ice (left hand)
   (You found it on level 1 of the Dungeon)
 p - a ring of wizardry (right hand)
   (You found it on level 5 of the Dungeon)
 r - a +6 ring of dexterity
   (You found it on level 5 of the Dungeon)
Wands
 i - a wand of iceblast (10)
   (You found it on level 4 of the Dungeon)
 o - a wand of quicksilver (11)
   (You found it on level 8 of the Dungeon)
 q - a wand of digging (8)
   (You found it on level 5 of the Dungeon)
 u - a wand of mindburst (22)
   (You found it on level 7 of the Dungeon)
 v - a wand of charming (4)
   (You found it on level 7 of the Dungeon)
Scrolls
 k - 2 scrolls of enchant armour
 l - 2 scrolls of poison
 m - 4 scrolls of magic mapping
 s - a scroll of enchant weapon
 x - a scroll of fear
 y - a scroll of fog
Potions
 j - 3 potions of curing
 n - 2 potions of attraction
 w - a potion of mutation

Dungeon Overview and Level Annotations

Branches:
Dungeon (9/15) Zot: 25789  Temple (1/1) D:6 Zot: 5901
   Lair: D:8-11         Orc: D:9-12

Altars:
Ashenzari
Cheibriados
Dithmenos
Elyvilon
Fedhas
Gozag
Hepliaklqana
Makhleb
Nemelex Xobeh
Okawaru
Qazlal
Ru
Trog
Uskayaw
Wu Jian
Yredelemnul
Zin
The Shining One

Shops:
D:3 :   D:8 =

Annotations:
D:7 Psyche
D:9 3 runed translucent doors, DeathPants's ghost, novice DrCj; Uniporpoise's ghost, novice DENe; lesbiats's ghost, novice TrFi

####.........##############8...W
............### ∆....W
#####.##.##># * ....W #.....#.#
* ..... * ####..#.# *,.....
####..#.#### * ..... *
#..........# * 8....
..........#.##.#### #?♣⌠♣
#########.#.....@.# ### *
#.#.#####D# #. #.#.# #.# #. **
*#?#.# #h# #. ,....# #.# ##. *
,, ....# *#.# ######.. ,
.#........# #......# *
.##.##.##.# #.####.. * *
#.**.#######.......


You could see an acid dragon (catching breath) and a howler monkey.


Message History

Found a stone staircase leading down.
d - 3 throwing nets (gained 2)
There is a stone staircase leading down here.
Key pressed, stopping explore.
An acid dragon is nearby!
Okay, then.
The acid dragon roars!
You start waiting.
You sense a monster nearby.
Okay, then.
You feel yourself speed up.
Unknown command.
The acid dragon bites you but does no damage.
The acid dragon claws you but does no damage.
You hit the acid dragon but do no damage.
You closely miss the acid dragon. The acid dragon spits acid at you.
The splash of acid hits you!! The acid corrodes you!
You hear a howl!
Unknown command. 😮 HP[-18]
You take 18 damage, and now have 49/67 hp.
MASSIVE DAMAGE!! (PAUSE)
You closely miss the acid dragon.
The acid dragon bites you but does no damage.
The acid dragon claws you but does no damage.
You completely miss the acid dragon. 😮 HP[+1] Unknown command.
You hit the acid dragon but do no damage.
The acid dragon spits acid at you. The splash of acid hits you!
The acid corrodes you! 😮 HP[-8]
You take 8 damage, and now have 42/67 hp.
You hit the acid dragon but do no damage.
The acid dragon bites you but does no damage.
The acid dragon claws you but does no damage.
Unknown command.
You hit the acid dragon. You freeze the acid dragon.
Unknown command.
You hit the acid dragon. You freeze the acid dragon.
The acid dragon bites you but does no damage.
The acid dragon claws you but does no damage.
You hit the acid dragon but do no damage.
Unknown command.
You hit the acid dragon. You freeze the acid dragon.
The acid dragon bites you but does no damage.
The acid dragon claws you but does no damage. 😮 HP[+1]
You hit the acid dragon but do no damage.
The acid dragon bites you!
The acid dragon claws you but does no damage. 😮 HP[-7]
You take 7 damage, and now have 36/67 hp.
You completely miss the acid dragon.
Unknown command.
You hit the acid dragon but do no damage.
A howler monkey comes into view.
The acid dragon bites you.
* * * LOW HITPOINT WARNING * * *
The acid dragon claws you but does no damage. 😨 HP[-3]
You take 3 damage, and now have 33/67 hp.
The howler monkey howls!
You hit the acid dragon but do no damage.
Unknown command.
You closely miss the acid dragon. The acid dragon bites you!
* * * LOW HITPOINT WARNING * * *
The acid dragon claws you.
* * * LOW HITPOINT WARNING * * *
😨 HP[-9]
You take 9 damage, and now have 24/67 hp.
You closely miss the acid dragon. The acid dragon bites you.
* * * LOW HITPOINT WARNING * * *
The acid dragon claws you.
* * * LOW HITPOINT WARNING * * *
😨 HP[-3]
You take 3 damage, and now have 21/67 hp.
You hit the acid dragon but do no damage.
The howler monkey hoots and howls with incredible vigour!
Unknown command.
You hit the acid dragon but do no damage.
The acid dragon bites you!
* * * LOW HITPOINT WARNING * * *
The acid dragon claws you.
* * * LOW HITPOINT WARNING * * *
😱 HP[-12]
You take 12 damage, and now have 9/67 hp.
You barely miss the acid dragon.
Unknown command.
You barely miss the acid dragon.
The acid dragon bites you but does no damage.
The acid dragon claws you.
* * * LOW HITPOINT WARNING * * *
😱 HP[-3]
You take 3 damage, and now have 6/67 hp.
You hit the acid dragon but do no damage.
The acid dragon spits acid at you. The splash of acid hits you!
You die...

Skill      XL: |  1  2  3  4  5  6  7  8  9 10 |
---------------+-------------------------------+-----
Armour         | 1 2 3 4 5 7 9 10 | 10.2
Axes           | 3 4 5 6 8 9 |  9.0
Fighting       | |  2.0
Throwing       | |  1.5
Dodging        | |  3.2

Action                   |  1- 3 |  4- 6 |  7- 9 | 10-12 || total
-------------------------+-------+-------+-------+-------++-------
Melee: War axe           |    82 |   197 |   410 |   174 ||   863
       Punch             |     1 |     1 |     9 |     4 ||    15
Throw: Throwing net      |       |       |       |     2 ||     2
Invok: Curse Item        |       |       |     2 |     2 ||     4
  Use: Scroll            |     5 |     6 |     3 |     4 ||    18
       Potion            |     1 |     2 |     2 |     3 ||     8
 Stab: Distracted        |       |       |       |     1 ||     1
Armor: Leather armour    |    28 |       |       |       ||    28
       Plate armour      |    43 |   184 |   386 |   174 ||   787
       Skin              |       |       |     9 |       ||     9
Dodge: Dodged            |    48 |    51 |   120 |    70 ||   289

Levels and vault maps discovered:
D:1:      saegor_arrival_simple_b, layout_loops_ring
D:2:      cheibrodos_pilgrimage, layout_basic
D:3:      layout_loops_ring, mainiacjoe_overflow_alcove_1, serial_shops, shop,
          basic_ecumenical_altar, uniq_terence
D:4:      layout_basic, lightli_temple_of_fire
D:5:      layout_loops_ring, mainiacjoe_overflow_chevrons,
          mainiacjoe_overflow_six_doors_small
D:6:      layout_rooms, minmay_temple_entry_drinking_statues
D:7:      layout_loops_ring, kennysheep_little_box,
          nicolae_hepliaklqana_hazy_memory, led_sif_pool,
          nicolae_qazlal_general_emergency
D:8:      layout_loops_cross, minivault_22, nicolae_shop_unique_rings,
          uniq_psyche
D:9:      layout_loops_ring, mainiacjoe_overflow_alcove_2,
          gammafunk_ghost_cemetery, grunt_decor_fettered,
          hangedman_abyss_or_decor_stagger
Temple:   nicolae_temple_x_marks_the_god

Notes
Turn   | Place    | Note
-------+----------+-------------------------------------------
     0 | D:1      | ytrimaz the Djinni Gladiator began the quest for the Orb.
     0 | D:1      | Reached XP level 1. HP: 18/18 MP: 0/0
     0 | D:1      | magus.rc [v1.9.6]
   149 | D:1      | Reached skill level 1 in Armour
   149 | D:1      | Reached XP level 2. HP: 23/23 MP: 0/0
   220 | D:1      | HP: 5/23 [constriction (1)]
   415 | D:1      | Reached XP level 3. HP: 28/28 MP: 0/0
   415 | D:1      | Learned a level 1 spell: Sting
   658 | D:1      | Reached skill level 3 in Axes
   874 | D:2      | Reached skill level 2 in Armour
   912 | D:3      | Found a faded altar of an unknown god.
   914 | D:3      | Reached XP level 4. HP: 15/33 MP: 0/0
  1264 | D:2      | HP: 7/33 [orc priest/+0 club (4)]
  1267 | D:2      | HP: 2/33 [orc priest/nerve-wracking pain (5)]
  2040 | D:2      | Reached XP level 5. HP: 38/38 MP: 0/0
  2040 | D:2      | Learned a level 2 spell: Momentum Strike
  2201 | D:3      | Noticed Terence
  2208 | D:3      | Reached skill level 3 in Armour
  2218 | D:3      | Killed Terence
  2438 | D:3      | Found a shadowy altar of Dithmenos.
  2464 | D:3      | HP: 6/38 [cloud of flame (7)]
  2609 | D:3      | Found Kayp's Book Boutique.
  2633 | D:3      | Reached skill level 4 in Axes
  2633 | D:3      | Reached XP level 6. HP: 43/43 MP: 0/0
  2896 | D:3      | Reached skill level 4 in Armour
  3210 | D:4      | Noticed a water moccasin
  3223 | D:4      | Killed a water moccasin
  3224 | D:4      | Reached XP level 7. HP: 29/49 MP: 0/0
  3224 | D:4      | Learned a level 3 spell: Vampiric Draining
  3598 | D:4      | Found a bloodstained altar of Trog.
  3984 | D:5      | Entered Level 5 of the Dungeon
  4020 | D:4      | Reached skill level 5 in Armour
  4116 | D:4      | Reached skill level 5 in Axes
  4409 | D:5      | Reached XP level 8. HP: 54/54 MP: 0/0
  4428 | D:5      | Found a sparkling altar of Nemelex Xobeh.
  4505 | D:5      | Reached skill level 6 in Armour
  4760 | D:5      | Reached skill level 6 in Axes
  4866 | D:5      | Identified the +1 robe "Lepp" {+Inv rElec Will- Int-4}
  5042 | D:5      | Found a burning altar of Makhleb.
  5256 | D:5      | HP: 9/54 [killer bee (6)]
  5264 | D:5      | HP: 11/54 [killer bee (6)]
  5272 | D:5      | HP: 10/81 [killer bee (1)]
  5275 | D:5      | Reached skill level 7 in Armour
  5646 | D:6      | Found a staircase to the Ecumenical Temple.
  5657 | D:6      | Reached XP level 9. HP: 53/58 MP: 0/0
  5657 | D:6      | Learned a level 3 spell: Stone Arrow
  5672 | Temple   | Entered the Ecumenical Temple
  5760 | Temple   | Became a worshipper of Ashenzari the Shackled
  6125 | D:5      | Reached skill level 7 in Axes
  6610 | D:6      | Reached skill level 8 in Armour
  7068 | D:7      | Found a hazy altar of Hepliaklqana.
  7166 | D:7      | Found a stormy altar of Qazlal.
  7391 | D:7      | Found an ornate altar of the Wu Jian Council.
  7600 | D:7      | Reached * piety under Ashenzari
  7863 | D:8      | Noticed a hornet
  7871 | D:8      | Killed a hornet
  8186 | D:8      | Reached skill level 8 in Axes
  8186 | D:8      | Reached skill level 9 in Armour
  8192 | D:8      | Noticed Psyche
  8276 | D:7      | Identified the cursed +0 cloak of the Mantic Regret {Cun,
                  | Fort} (You found it on level 3 of the Dungeon)
  8276 | D:7      | Identified the cursed +0 helmet "Adversity of Ashenzari"
                  | {Self, Melee}
  8502 | D:8      | Found Jisyrr's One-of-a-Kind Rings.
  8542 | D:8      | Reached XP level 10. HP: 46/65 MP: 0/0
  8616 | D:8      | HP: 14/65 [wight/+0 trident (7)]
  8682 | D:8      | HP: 14/65 [bullfrog (3)]
  9418 | D:8      | Reached ** piety under Ashenzari
  9483 | D:9      | Found a runed translucent gate.
  9501 | D:9      | Found a runed translucent gate.
  9501 | D:9      | Found a runed translucent gate.
  9509 | D:9      | Noticed DeathPants's ghost (novice DrCj)
  9509 | D:9      | Noticed Uniporpoise's ghost (novice DENe)
  9509 | D:9      | Noticed lesbiats's ghost (novice TrFi)
  9787 | D:9      | Reached skill level 10 in Armour
  9996 | D:9      | Found a hide-covered altar of Uskayaw.
 10051 | D:9      | Reached *** piety under Ashenzari
 10097 | D:9      | HP: 5/67 [acid dragon/splash of acid (16)]
 10415 | D:9      | Reached skill level 9 in Axes
 10666 | D:9      | HP: 11/67 [acid dragon (10)]
 10669 | D:9      | Killed from afar by an acid dragon

Vanquished Creatures
  A hornet (D:8)
  A wyvern (D:9)
  A steam dragon (D:8)
  4 water moccasins
  A black bear (D:5)
  2 orc warriors
  3 ice beasts
  An ogre (D:6)
  3 centaurs
  2 phantoms
  A kobold brigand (D:6)
  2 gnoll sergeants
  3 scorpions
  3 bullfrogs
  4 wights (D:8)
  9 killer bees
  8 orc priests
  3 hounds
  2 iguanas
  Terence (D:3)
  6 orc wizards
  12 gnolls
  6 adders
  A shadow imp (D:6)
  A white imp (D:6)
  3 dart slugs
  30 orcs
  4 ball pythons
  6 endoplasms
  6 giant cockroaches
  6 goblins
  A hobgoblin (D:3)
  13 jackals
  6 quokkas
  9 bats
  A frilled lizard (D:1)
  14 kobolds
  3 rats (D:3)
183 creatures vanquished.

Vanquished Creatures (collateral kills)
  A wight (D:8)
1 creature vanquished.

Vanquished Creatures (others)
  13 plants (D:7)
13 creatures vanquished.

Grand Total: 197 creatures vanquished

Table legend:
 A = Non-vault XP
 B = Vault XP
 C = Vault XP percentage of total XP
 D = Non-vault monster count
 E = Vault monster count
 F = Vault count percentage of total count
                 A         B        C        D         E       F
            +---------+---------+-------+---------+---------+-------
      Total |    5640 |      89 |   1.6 |     178 |       6 |   3.3
            +---------+---------+-------+---------+---------+-------
        D:1 |      42 |       0 |   0.0 |      26 |       0 |   0.0
        D:2 |      37 |      53 |  58.9 |      12 |       5 |  29.4
        D:3 |     200 |      36 |  15.3 |      28 |       1 |   3.4
        D:4 |     476 |       0 |   0.0 |      16 |       0 |   0.0
        D:5 |    1139 |       0 |   0.0 |      19 |       0 |   0.0
        D:6 |     568 |       0 |   0.0 |      21 |       0 |   0.0
        D:7 |     675 |       0 |   0.0 |      18 |       0 |   0.0
        D:8 |    1316 |       0 |   0.0 |      19 |       0 |   0.0
        D:9 |    1187 |       0 |   0.0 |      19 |       0 |   0.0
            +---------+---------+-------+---------+---------+-------

Illustrated notes

Table legend:
 A = Kills in this place as a percentage of kills in entire the game.
 B = Kills by you in this place as a percentage of kills by you in the entire game.
 C = Kills by friends in this place as a percentage of kills by friends in the entire game.
 D = Other kills in this place as a percentage of other kills in the entire game.
 E = Experience gained in this place as a percentage of experience gained in the entire game.
 F = Experience gained in this place divided by the number of levels of this place that you have seen.
                   A       B       C       D       E      F
               +-------+-------+-------+-------+-------+----------------------
         Total | 100.0 | 100.0 | 100.0 |   N/A | 100.0 | 572.9
       Dungeon | 100.0 | 100.0 | 100.0 |   N/A | 100.0 | 636.6
               +-------+-------+-------+-------+-------+----------------------

Table legend: (Time is in decaauts)
 A = Elapsed time spent in this place.
 B = Non-inter-level travel time spent in this place.
 C = Inter-level travel time spent in this place.
 D = Time resting spent in this place.
 E = Time spent auto-exploring this place.
 F = Levels seen in this place.
 G = Mean time per level.
                   A        B        C        D        E       F      G
               +--------+--------+--------+--------+--------+-----+--------+
         Total |  10808 |  10536 |    272 |   1725 |   6598 |  10 | 1080.8 |
       Dungeon |  10710 |  10444 |    266 |   1725 |   6532 |   9 | 1190.0 |
        Temple |     98 |     92 |      6 |      0 |     66 |   1 |   98.0 |
               +--------+--------+--------+--------+--------+-----+--------+

Top non-repeatable levels by time:
     D:5: 1581 daAuts
     D:7: 1490 daAuts
     D:3: 1216 daAuts
     D:9: 1210 daAuts
     D:4: 1148 daAuts
     D:8: 1133 daAuts
     D:6: 1006 daAuts
     D:2: 969 daAuts
     D:1: 954 daAuts
  Temple: 98 daAuts
